 Dungeon Crawl Stone Soup version 0.30-a0-1043-g60ff8d5f49 (webtiles) character file.

Game seed: 12997815293005111301

4193 jimonade the Protected (level 10, -1/79 HPs)
             Began as a Barachi Brigand on Apr 10, 2023.
             Was a Believer of Cheibriados.
             Slain by an orc warrior
             ... wielding a +0 long sword
              (10 damage)
             ... on level 9 of the Dungeon.
             The game lasted 00:23:11 (7000 turns).

jimonade the Protected (Barachi Brigand)            Turns: 7000, Time: 00:23:11

Health: -1/79      AC: 19    Str: 18    XL:     10   Next: 29%
Magic:  16/16      EV:  8    Int: 19    God:    Cheibriados [**....]
Gold:   536        SH:  8    Dex: 20    Spells: 17/17 levels left

rFire   . . .      SeeInvis .    a - +2 whip (venom)
rCold   + . .      Faith    .    A - +2 buckler
rNeg    . . .      Spirit   .    Q - +0 plate armour
rPois   .          Reflect  .    r - +0 helmet
rElec   .          Rampage  .    c - +1 cloak
rCorr   .                        F - +0 pair of gloves
Will    .....                    (no boots) Stlth
                                 f - amulet of regeneration
HPRegen 1.13/turn                l - ring of protection from cold
MPRegen 0.15/turn                (no ring)

@: about to teleport, studying Dodging, very slow
A: amphibious, slowness 1, strong legs 1, +LOS
a: Hop, Renounce Religion, Bend Time


You were on level 9 of the Dungeon.
You worshipped Cheibriados.
Cheibriados was pleased with you.
You visited 2 branches of the dungeon, and saw 10 of its levels.

You collected 536 gold pieces.

Inventory:

Hand Weapons
 a - a +2 whip of venom (weapon)
 b - a +2 short sword of electrocution
 o - a +2 dagger
 v - a +2 antimagic trident
 z - a +2 mace of holy wrath
 G - a +3 spectral dagger
 P - a +0 quarterstaff
 X - a +0 long sword of flaming
 Y - a +2 dagger of venom
Missiles
 d - 9 poisoned darts (quivered)
 e - 2 curare-tipped darts
 p - 113 stones
 E - 10 atropa-tipped darts
 Z - a boomerang
Armour
 c - a +1 cloak (worn)
 g - a +0 chain mail
 n - a +0 ring mail
 r - a +0 helmet (worn)
 A - a +2 buckler (worn)
 B - +0 acid dragon scales
 F - a +0 pair of gloves (worn)
 Q - a +0 plate armour (worn)
 W - a +0 leather armour
Magical Staves
 H - a staff of death
 T - a staff of cold
Jewellery
 f - an amulet of regeneration (around neck)
 h - an amulet of magic regeneration
 l - a ring of protection from cold (left hand)
 q - a ring of fire
Wands
 y - a wand of flame (17)
 M - a wand of polymorph (12)
 N - a wand of roots (10)
 R - a wand of quicksilver (9)
Scrolls
 i - 4 scrolls of amnesia
 j - 3 scrolls of torment
 k - a scroll of enchant armour
 m - a scroll of vulnerability
 s - 3 scrolls of teleportation
 u - 4 scrolls of immolation
 x - 2 scrolls of poison
Potions
 t - 3 potions of lignification
 w - 2 potions of berserk rage {unknown}
 C - 2 potions of resistance
 D - a potion of heal wounds
 I - 3 potions of brilliance
 J - 2 potions of flight
 K - a potion of cancellation
 L - a potion of might
 O - 4 potions of curing
 U - a potion of degeneration


   Skills:
 + Level 7.2 Fighting
 - Level 3.0 Short Blades
 - Level 3.0 Maces & Flails
 + Level 2.7 Throwing
 + Level 9.7 Armour
 + Level 5.1 Dodging
 * Level 5.1 Stealth
 + Level 5.4 Shields
 * Level 4.1 Spellcasting
 * Level 4.0 Ice Magic
 * Level 3.1 Invocations


You had 17 spell levels left.
You didn't know any spells.
Your spell library contained the following spells:

 Spells                   Type           Power      Damage    Failure   Level
 Freeze                   Ice            76%        1d8       58%         1
 Frozen Ramparts          Ice            38%        1d6       92%         3
 Magic Dart               Conj           12%        1d3       99%         1
 Shock                    Conj/Air       12%        1d3       99%         1
 Blink                    Tloc           6%         N/A       99%         2
 Call Imp                 Summ           6%         N/A       99%         2
 Lesser Beckoning         Tloc           6%         N/A       99%         2
 Momentum Strike          Conj/Tloc      6%         3d8       99%         2
 Hailstorm                Conj/Ice       11%        3d5       99%         3
 Mephitic Cloud           Conj/Pois/Air  3%         N/A       100%        3
 Swiftness                Air            3%         N/A       100%        3
 Airstrike                Air            1%         2d(1-17)  100%        4
 Animate Armour           Summ/Erth      6%         N/A       100%        4
 Blade Hands              Tmut           1%         N/A       100%        5
 Iron Shot                Conj/Erth      1%         9d1       100%        6


Dungeon Overview and Level Annotations

Branches:
Dungeon (9/15)             Temple (1/1) D:5
   Lair: D:8-11         Orc: D:9-12

Altars:
Ashenzari
Cheibriados
Dithmenos
Elyvilon
Gozag
Kikubaaqudgha
Nemelex Xobeh
Okawaru
Qazlal
Ru
Sif Muna
Trog
Uskayaw
Vehumet
Wu Jian
Xom
Yredelemnul
Zin

Shops:
D:7 [


Innate Abilities, Weirdness & Mutations

You are amphibious.
You cover ground slowly.
You can hop short distances.
You have an extended range of vision and can be seen from far away.


Message History

The orc warrior is lightly wounded.
You block the orc priest's attack.
The orc warrior hits you with a +0 long sword!
You hit the orc warrior.
The orc warrior looks as sick as possible!
The orc warrior is moderately wounded.
The orc priest hits you but does no damage.
The orc warrior hits you with a +0 long sword!
You hit the orc warrior but do no damage.
The orc warrior is moderately wounded.
An orc priest comes into view. It is wielding a +0 short sword.
The orc priest hits you but does no damage.
The orc warrior hits you with a +0 long sword.
You barely miss the orc warrior.
The orc warrior is heavily wounded.
The orc priest invokes the aid of Beogh against you.
Beogh smites you!
The orc priest mumbles some strange prayers to Beogh against you.
Beogh smites you! You block the orc warrior's attack.
You are too injured to fight recklessly!
You hit the orc priest.
The orc priest is poisoned.
The orc priest is lightly wounded.
The orc priest looks braver for a moment.
The orc priest mumbles some strange prayers to Beogh against you.
Beogh smites you!
* * * LOW HITPOINT WARNING * * *
An orc comes into view. It is wielding a +0 club.
The orc warrior hits you but does no damage.
You hit the orc priest but do no damage.
The orc priest is lightly wounded.
The orc priest calls upon Beogh to heal the orc priest.
The orc priest's wounds heal themselves!
The orc priest mumbles some strange prayers to Beogh against you.
Pain shoots through your body!
* * * LOW HITPOINT WARNING * * *
The orc warrior closely misses you.
As you read the scroll of teleportation, it crumbles to dust.
You feel strangely unstable. You block the orc priest's attack.
The orc warrior hits you with a +0 long sword!
You die...

#..# #.........,,,,,,, #..#
#....#.#..,,,,,,, #..#
#.........,,,,,,, #..#
#....#.#.,,,****,
##..#####.......,,,,*,,,,
#............#,,,,,,*,***
#............#,>,,,,*,,,,
#.......ooo..#,***,,*****
#...####@#...#,*,,,,,,,,,
#...#....#...#,*,,,,,,,,,
#...#....#..o#**,,,,,,,,,
#...#....#o..........,,,,
#...######.o..######'*,,,
#....,,,......#,,,,,,*,,,
****#....,,.......#,,,,,,*,,,
*,,,....,o........#,,,,,,',,,
*,,,,,,,...o......#*******,,,


You could see an orc warrior (extremely poisoned), an orc priest (very poisoned)
and an orc.

Vanquished Creatures
  A two-headed ogre (D:9)
  A hornet (D:9)
  Prince Ribbit (D:8)
  A wraith (D:8)
  4 yaks (D:8)
  An acid dragon (D:9)
  A water moccasin (D:5)
  2 orc warriors
  A black bear (D:7)
  2 ice beasts (D:5)
  An ogre (D:5)
  2 phantoms
  A gnoll sergeant (D:5)
  Blork the orc (D:4)
  A bullfrog (D:8)
  A scorpion (D:6)
  4 killer bees (D:8)
  6 howler monkeys
  2 hounds
  3 jellies (D:6)
  7 orc priests
  A sleepcap (D:6)
  3 iguanas
  10 orc wizards
  10 adders
  3 white imps
  An ufetubus (D:6)
  2 worms
  4 dart slugs
  34 orcs
  6 ball pythons
  5 bats
  10 endoplasms
  7 giant cockroaches
  4 goblins
  5 hobgoblins
  2 jackals (D:2)
  5 quokkas
  3 frilled lizards
  12 kobolds
  7 rats
178 creatures vanquished.

Notes
Turn   | Place    | Note
-------+----------+-------------------------------------------
     0 | D:1      | jimonade the Barachi Brigand began the quest for the Orb.
     0 | D:1      | Reached XP level 1. HP: 17/17 MP: 1/1
   148 | D:1      | Reached XP level 2. HP: 23/23 MP: 2/2
   467 | D:1      | Reached XP level 3. HP: 28/28 MP: 3/3
   975 | D:2      | Reached skill level 1 in Maces & Flails
   975 | D:2      | Reached XP level 4. HP: 32/34 MP: 4/4
  1062 | D:2      | Reached skill level 1 in Armour
  1122 | D:2      | Found a faded altar of an unknown god.
  1544 | D:3      | Reached XP level 5. HP: 41/41 MP: 5/5
  1830 | D:3      | Found a sacrificial altar of Ru.
  2029 | D:4      | Reached skill level 2 in Armour
  2242 | D:4      | Noticed Blork the orc
  2257 | D:4      | Killed Blork the orc
  2258 | D:4      | Reached XP level 6. HP: 32/47 MP: 6/6
  2744 | D:5      | Entered Level 5 of the Dungeon
  2756 | D:5      | Reached skill level 3 in Armour
  2756 | D:5      | Reached skill level 1 in Shields
  2890 | D:5      | Noticed an ice beast
  2929 | D:5      | Identified a scroll of acquirement
  2929 | D:5      | Acquired a manual of Dodging
  3046 | D:5      | Noticed an ice beast
  3066 | D:5      | Killed an ice beast
  3067 | D:5      | Reached skill level 4 in Armour
  3067 | D:5      | Reached XP level 7. HP: 44/50 MP: 7/7
  3219 | D:5      | Found a staircase to the Ecumenical Temple.
  3339 | D:5      | Found a bloodstained altar of Trog.
  3381 | D:5      | Reached skill level 5 in Armour
  3601 | D:5      | Reached skill level 5 in Fighting
  3674 | D:5      | Reached XP level 8. HP: 62/62 MP: 8/8
  3698 | D:5      | Reached skill level 6 in Armour
  3871 | Temple   | Entered the Ecumenical Temple
  3961 | Temple   | Became a worshipper of Cheibriados the Contemplative
  4675 | D:6      | Reached skill level 7 in Armour
  4801 | D:6      | Reached skill level 1 in Spellcasting
  4857 | D:6      | Reached * piety under Cheibriados
  4858 | D:6      | Reached skill level 1 in Invocations
  5099 | D:7      | Reached skill level 8 in Armour
  5113 | D:7      | Reached skill level 1 in Ice Magic
  5113 | D:7      | Reached XP level 9. HP: 69/69 MP: 9/11
  5145 | D:7      | Found a white marble altar of Elyvilon.
  5147 | D:7      | Found a hide-covered altar of Uskayaw.
  5148 | D:7      | Found a shadowy altar of Dithmenos.
  5149 | D:7      | Found an iron altar of Okawaru.
  5230 | D:7      | Found Caebbuf's Armour Shop.
  5940 | D:8      | Reached ** piety under Cheibriados
  6142 | D:8      | Reached skill level 9 in Armour
  6176 | D:8      | Noticed Prince Ribbit
  6194 | D:8      | Killed Prince Ribbit
  6195 | D:8      | Reached skill level 5 in Shields
  6447 | D:7      | Reached XP level 10. HP: 77/77 MP: 15/15
  6740 | D:9      | Reached skill level 5 in Dodging
  6845 | D:9      | Noticed a two-headed ogre
  6886 | D:9      | Killed a two-headed ogre
  6887 | D:9      | Reached skill level 5 in Stealth
  7000 | D:9      | Slain by an orc warrior

Illustrated notes

Levels and vault maps discovered:
D:1:      dpeg_arrival_orchard, layout_loops_ring, corexii_corridor_pit
D:2:      layout_loops_ring, hellmonk_ecumenical_altar_dog_temple,
          minmay_pentomino_w4
D:3:      layout_basic, nicolae_ru_great_annihilating_truth,
          amcnicky_mini_corridor_feature
D:4:      layout_basic, uniq_blork_the_orc
D:5:      layout_layer_cave, kennysheep_mini, minmay_temple_entry_wispy,
          gup_sewer_entry_spiral, nicolae_kite_square_tiling_tiny, st_stairs_13,
          grunt_decor_cap, nicolae_concentric_dashed_squares_wild
D:6:      layout_basic
D:7:      layout_loops_ring, grunt_temple_overflow_open, serial_shops,
          kennysheep_mini_moat, serial_glass, glass_columns_a, glass_columns_a,
          glass_columns_b, glass_columns_b, glass_columns_a, glass_columns_a,
          glass_columns_c, glass_columns_a
D:8:      layout_loops_ring, nicolae_nh_ransacked_shop, uniq_prince_ribbit1
D:9:      layout_irregular_city, serial_co_window_serial,
          co_window_of_opportunity_a, co_window_corner_a, co_window_corner_a,
          co_window_of_opportunity_a, co_window_of_opportunity_a,
          co_window_corner_b, co_window_corner_b, co_window_cross_4,
          co_window_paths_e, glass_columns_a, glass_columns_c
Temple:   nicolae_temple_godzebo

Skill      XL: |  1  2  3  4  5  6  7  8  9 10 |
---------------+-------------------------------+-----
Stealth        | 4 5 |  5.1
Maces & Flails | 1 2 3 |  3.0
Armour         | 1 2 4 5 8 9 |  9.7
Short Blades   | 3 |  3.0
Fighting       | 3 4 5 6 7 |  7.2
Dodging        | 2 3 4 5 |  5.1
Shields        | 1 2 4 5 |  5.4
Spellcasting   | 1 3 4 |  4.1
Invocations    | 1 2 3 |  3.1
Ice Magic      | 1 3 4 |  4.0
Throwing       | |  2.7

Action                     |  1- 3 |  4- 6 |  7- 9 | 10-12 || total
---------------------------+-------+-------+-------+-------++-------
  Melee: Dagger            |    62 |       |       |       ||    62
         Whip              |    74 |   148 |   377 |    43 ||   642
         Short sword       |       |    10 |    75 |     1 ||    86
  Throw: Dart              |       |       |    12 |     3 ||    15
Ability: Hop               |       |       |     2 |       ||     2
    Use: Scroll            |       |    16 |     2 |     6 ||    24
   Stab: Paralysed         |       |     1 |       |       ||     1
 Armour: Chain mail        |    70 |    75 |   200 |       ||   345
         Plate armour      |       |       |     5 |    17 ||    22
  Dodge: Dodged            |    45 |    43 |   119 |    18 ||   225
  Block: Buckler           |       |    30 |   118 |    10 ||   158

Table legend: (Time is in decaauts)
 A = Elapsed time spent in this place.
 B = Non-inter-level travel time spent in this place.
 C = Inter-level travel time spent in this place.
 D = Time resting spent in this place.
 E = Time spent auto-exploring this place.
 F = Levels seen in this place.
 G = Mean time per level.
                   A        B        C        D        E       F      G
               +--------+--------+--------+--------+--------+-----+--------+
         Total |   9092 |   8458 |    634 |     98 |   5142 |  10 |  909.2 |
       Dungeon |   8947 |   8349 |    598 |     98 |   5060 |   9 |  994.1 |
        Temple |    144 |    108 |     36 |      0 |     82 |   1 |  144.0 |
               +--------+--------+--------+--------+--------+-----+--------+

Top non-repeatable levels by time:
     D:5: 1891 daAuts
     D:8: 1451 daAuts
     D:7: 1088 daAuts
     D:4: 997 daAuts
     D:1: 920 daAuts
     D:2: 719 daAuts
     D:3: 692 daAuts
     D:6: 627 daAuts
     D:9: 558 daAuts
  Temple: 144 daAuts
